 Dungeon Crawl Stone Soup version 0.16.1-51-g6203257 (webtiles) character file.

70 kae the Firebug (level 4, 0/24 HPs)
             Began as a Tengu Fire Elementalist on July 3, 2015.
             Slain by an adder (5 damage)
             ... on level 2 of the Dungeon.
             The game lasted 00:02:45 (2702 turns).

kae the Firebug (Tengu Fire Elementalist)           Turns: 2702, Time: 00:02:45

Health: 0/24       AC:  2    Str:  8    XL:     4   Next: 22%
Magic:  1/8        EV: 12    Int: 16    God:
Gold:   85         SH:  0    Dex: 15    Spells: 3 memorised, 1 level left

rFire  . . .     SeeInvis .     a - +0 spear
rCold  . . .     Clarity  .     e - +0 robe
rNeg   . . .     SustAb   .     (no shield)
rPois  .         Gourm    .     (helmet restricted)
rElec  .         Spirit   .     (no cloak)
rCorr  .         Warding  .     (no gloves)
rMut   .         Stasis   .     (boots unavailable)
MR     .....                    (no amulet)
Stlth  ++........               (no ring)
                                (no ring)

@: very slightly contaminated, drained, not resistant to hostile enchantments,
unstealthy
A: beak, talons 3
a: no special abilities


You were on level 2 of the Dungeon.
You were hungry.

You visited 1 branch of the dungeon, and saw 3 of its levels.

You collected 85 gold pieces.

Inventory:

Hand weapons
 a - a +0 spear (weapon)
 b - a +0 dagger of venom
Armour
 e - a +0 robe (worn)
Jewellery
 n - an uncursed amulet of faith {unknown}
 p - an uncursed amulet of faith {unknown}
Scrolls
 d - 7 scrolls of identify {unknown}
 g - a scroll of magic mapping {unknown}
 m - a scroll of blinking {unknown}
 r - a scroll of fear {unknown}
Potions
 f - a potion of lignification {unknown}
 h - 2 potions of mutation {unknown}
 i - a potion of haste {unknown}
 k - a potion of poison {unknown}
 l - 4 potions of curing {unknown}
 o - 2 potions of resistance {unknown}
Books
 q - a book of Flames

   Spells                             Type                      Level
   a - Flame Tongue                   Conjuration/Fire             1
   b - Throw Flame                    Conjuration/Fire             2
   c - Conjure Flame                  Conjuration/Fire             3
   d - Inner Flame                    Hexes/Fire                   3
   e - Sticky Flame                   Conjuration/Fire             4
   f - Fireball                       Conjuration/Fire             5
Comestibles
 c - 6 bread rations
 j - 8 fruits


   Skills:
 * Level 2.9(2.1) Dodging
 - Level 2.0(1.2) Stealth
 + Level 2.1(1.4) Spellcasting
 * Level 3.4(2.6) Conjurations
 * Level 4.1(3.3) Fire Magic


You had one spell level left.
You knew the following spells:

 Your Spells              Type           Power        Failure   Level  Hunger
a - Flame Tongue          Conj/Fire      ##...        10%         1    ##.....
b - Throw Flame           Conj/Fire      ##....       12%         2    ###....
c - Conjure Flame         Conj/Fire      ##......     21%         3    ####...


Dungeon Overview and Level Annotations

Branches:
Dungeon (3/15)

Altars:

Annotations:
D:2 Sigmund


Innate Abilities, Weirdness & Mutations

You have a beak for a mouth.
You have claws for feet.


Message History

Press: ? - help, Shift-Dir - straight line, f/p - adder
Aim: an adder (almost dead)
The flame tongue misses the adder.
The adder barely misses you.
Casting: Flame Tongue
Confirm with . or Enter, or press ? or * to list all spells.
You don't have enough magic to cast that spell.
Casting: Flame Tongue
Confirm with . or Enter, or press ? or * to list all spells.
You don't have enough magic to cast that spell.
Casting: Flame Tongue
Confirm with . or Enter, or press ? or * to list all spells.
You don't have enough magic to cast that spell.
Casting: Flame Tongue
Confirm with . or Enter, or press ? or * to list all spells.
You don't have enough magic to cast that spell.
You are too injured to fight recklessly!
You miss the adder. Your peck misses the adder.
The adder is almost dead.
The adder bites you.
You die...

# #..##.###.......##
##.###.# # #.###.#
##.....## ######.#### # #.#
#.# ##...## #.........#
###.###.# ##+## #.####.##.#
........# #.# #.# #..##.#
###.#####
#.########.###.###.# #.#
##.##.........#.###.# #.#
##...#.##.........(..# #.#
###...)@.##.###..#.#####
#.######......#S##.# #..#.#
#...†......#.##.##.###..#.#
########..................#
########.#######.###
#.........# ###########


You could see an adder.

Vanquished Creatures
  An adder (D:2)
  2 worms (D:3)
  2 giant geckos
  An ooze (D:1)
  An orc (D:2)
  2 giant cockroaches
  5 hobgoblins (D:2)
  4 kobolds
  7 bats
  4 giant newts
  6 goblins
  3 jackals (D:2)
  9 rats
47 creatures vanquished.

Notes
Turn   | Place    | Note
--------------------------------------------------------------
     0 | D:1      | kae, the Tengu Fire Elementalist, began the quest for the Orb.
     0 | D:1      | Reached XP level 1. HP: 10/10 MP: 3/3
   247 | D:1      | Reached XP level 2. HP: 13/15 MP: 5/5
  1186 | D:2      | Reached XP level 3. HP: 19/19 MP: 7/7
  1213 | D:2      | Learned a level 2 spell: Throw Flame
  1217 | D:2      | Learned a level 3 spell: Conjure Flame
  2046 | D:2      | Noticed Sigmund
  2371 | D:3      | Reached skill level 4 in Fire Magic
  2371 | D:3      | Reached XP level 4. HP: 13/24 MP: 0/8
  2702 | D:2      | Slain by an adder

Action                   |  1- 3 |  4- 6 || total
-------------------------+-------+-------++-------
Melee: Spear             |   105 |     9 ||   114
       Unarmed           |     5 |       ||     5
 Cast: Flame Tongue      |    28 |    16 ||    44
       Throw Flame       |     3 |       ||     3
 Stab: Sleeping          |     7 |       ||     7
  Eat: Chunk             |     4 |     2 ||     6
